 Dungeon Crawl Stone Soup version 0.30.0-10-gfe55d96785 (webtiles) character file.

Game seed: 2778826018019669653

188832 Cheops the Corrupter of Planes (level 17, -2/146 HPs)
             Began as a Green Draconian Fire Elementalist on May 12, 2023.
             Was the Champion of Lugonu.
             Slain by a boulder beetle (10 damage)
             ... on level 1 of the Spider Nest on May 14, 2023.
             The game lasted 04:49:59 (51945 turns).

Cheops the Corrupter of Planes (DrFE)              Turns: 51945, Time: 04:50:00

Health: -2/146     AC: 19    Str: 12    XL:     17   Next: 49%
Magic:  23/34      EV: 11    Int: 19    God:    Lugonu [******]
Gold:   828        SH: 20    Dex: 12    Spells: 4/42 levels left

rFire   + + +        a - staff of fire
rCold   . . .        j - +5 kite shield {reflect}
rNeg    . . .        (body armour unavailable)
rPois   +            (helmet restricted)
rElec   +            l - +2 cloak "Anaat" {rElec rC+ Int-3}
rCorr   .            g - +0 pair of gloves
SInv    .            Q - +1 pair of boots {rF+}
Will    +....        S - amulet of reflection
Stlth   ++           e - +4 ring of protection
HPRegen 0.44/turn    F - ring of fire
MPRegen 0.24/turn

%: reflection
@: slowed, studying Fighting, very slow
A: breathe noxious fumes, AC +9, unfitting armour, stinger 1, poison resistance,
cold-blooded
}: 1/15 runes: barnacled
a: Breathe Noxious Fumes, Renounce Religion, Depart the Abyss, Banish, Corrupt,
Enter the Abyss, Brand Weapon With Distortion


You were on level 1 of the Spider Nest.
You worshipped Lugonu.
Lugonu was exalted by your worship.
You visited 5 branches of the dungeon, and saw 27 of its levels.
You visited the Abyss 1 time.
You also visited: Ossuary.

You collected 3889 gold pieces.
You spent 3061 gold pieces at shops.

Inventory:

Armour
 g - a +0 pair of gloves (worn)
 j - a +5 kite shield of reflection (worn)
 l - the +2 cloak "Anaat" (worn) {rElec rC+ Int-3}
   (You found it on level 2 of the Dungeon)

   Int:       It affects your intelligence (-3).
   rC:        It protects you from cold.
   rElec:     It insulates you from electricity.
 Q - a +1 pair of boots of fire resistance (worn)
 T - the orb of Dithmenos, Breathing {guile, Harm Fly Int-3 Stlth+}
   (You found it on level 2 of the Lair of Beasts)

   Int:       It affects your intelligence (-3).
   Fly:       It grants you flight.
   Harm:      It increases damage dealt and taken.
   Stlth:     It makes you more stealthy.
Magical Staves
 a - a staff of fire (weapon)
 b - the staff of poison "Zauriude" {rPois Str+3}
   (You found it on level 3 of the Shoals)

   [staff of poison]

   Base accuracy: +5 Base damage: 5 Base attack delay: 1.2 This weapon's minimum
   attack delay (0.6) is reached at skill level 12.
   Str:       It affects your strength (+3).
   rPois:     It protects you from poison.
   It falls into the 'Staves' category.
   It is a one-handed weapon.
 c - a staff of air
 d - a staff of cold
Jewellery
 e - a +4 ring of protection (left hand)
 h - a ring of protection from cold
 o - a ring of see invisible
 s - a ring of flight
 u - an amulet of regeneration
 w - a ring of positive energy
 C - a +5 ring of evasion
 D - a ring of protection from cold
 F - a ring of fire (right hand)
 J - a +5 ring of evasion
 P - a +6 ring of strength
 S - an amulet of reflection (around neck)
 V - a ring of protection from cold
 X - an amulet of guardian spirit
Wands
 n - a wand of flame (20)
 y - a wand of acid (2)
 B - a wand of mindburst (4)
 G - a wand of polymorph (12)
 R - a wand of roots (15)
 Y - a wand of digging (4)
Scrolls
 m - 2 scrolls of vulnerability
 p - a scroll of amnesia
 q - a scroll of summoning
 E - 6 scrolls of poison
 M - 3 scrolls of fog
 O - a scroll of torment
 W - 2 scrolls of fear
Potions
 f - 4 potions of lignification
 i - 4 potions of attraction
 k - 14 potions of curing
 v - a potion of invisibility
 x - 7 potions of flight
 z - 2 potions of ambrosia
 A - a potion of berserk rage
 H - 4 potions of haste
 I - 2 potions of magic
 K - 3 potions of might
 L - 7 potions of mutation
 N - 3 potions of cancellation
 U - 5 potions of brilliance


   Skills:
 - Level 12.0 Fighting
 - Level 8.0 Staves
 + Level 4.0 Dodging
 - Level 1.7 Stealth
 - Level 7.0 Shields
 - Level 13.0 Spellcasting
 - Level 11.0 Conjurations
 - Level 7.0 Hexes
 - Level 7.0 Summonings
 - Level 1.4 Translocations
 - Level 7.0 Transmutations
 - Level 11.0 Fire Magic
 - Level 5.0 Air Magic
 - Level 8.4 Poison Magic
 - Level 14.0 Invocations
 - Level 8.0 Evocations


You had 4 spell levels left.
You knew the following spells:

 Your Spells              Type           Power      Damage    Failure   Level
a - Foxfire               Conj/Fire      100%       2x1d9     1%          1
b - Scorch                Fire           100%       2d9       1%          2
f - Fireball              Conj/Fire      44%        3d18      4%          5
i - Ignite Poison         Fire/Tmut/Pois 80%        N/A       1%          3
m - Mephitic Cloud        Conj/Pois/Air  43%        N/A       1%          3
s - Sticky Flame          Conj/Fire      89%        2d10      1%          4
v - Poisonous Vapours     Pois/Air       74%        N/A       1%          2
w - Flame Wave            Conj/Fire      89%        2d19      1%          4
C - Call Canine Familiar  Summ           38%        N/A       2%          3
I - Inner Flame           Hex/Fire       81%        N/A       1%          3
M - Summon Mana Viper     Hex/Summ       38%        N/A       26%         5
V - Volatile Blastmotes   Fire/Tloc      100%       2d18      4%          3

Your spell library contained the following spells:

 Spells                   Type           Power      Damage    Failure   Level
 Beastly Appendage        Tmut           76%        N/A       1%          1
 Kiss of Death            Conj/Necr      100%       2d13      1%          1
 Slow                     Hex            100%       N/A       1%          1
 Summon Small Mammal      Summ           100%       N/A       1%          1
 Momentum Strike          Conj/Tloc      72%        3d10      1%          2
 Dazzling Flash           Conj/Hex       92%        N/A       1%          3
 Confusing Touch          Hex            38%        N/A       2%          3
 Hailstorm                Conj/Ice       33%        3d8       5%          3
 Stone Arrow              Conj/Erth      66%        3d11      5%          3
 Ensorcelled Hibernation  Hex/Ice        50%        N/A       6%          2
 Passwall                 Tmut/Erth      20%        N/A       6%          2
 Swiftness                Air            31%        N/A       6%          3
 Portal Projectile        Hex/Tloc       56%        N/A       9%          3
 Apportation              Tloc           34%        N/A       10%         1
 Blink                    Tloc           34%        N/A       14%         2
 Necrotise                Necr           48%        1d6       17%         1
 Sublimation of Blood     Necr           12%        N/A       26%         2
 Ice Form                 Ice/Tmut       25%        N/A       36%         4
 Leda's Liquefaction      Hex/Erth       12%        N/A       36%         4
 Petrify                  Tmut/Erth      25%        N/A       36%         4
 Summon Ice Beast         Ice/Summ       25%        N/A       36%         4
 Vampiric Draining        Necr           12%        2d6       45%         3
 Manifold Assault         Tloc           17%        N/A       67%         4
 Animate Dead             Necr           12%        N/A       86%         4
 Dispel Undead            Necr           12%        3d9       86%         4
 Irradiate                Conj/Tmut      23%        3d19      12%         5
 Blade Hands              Tmut           19%        N/A       26%         5
 Silence                  Hex/Air        17%        N/A       36%         5
 Freezing Cloud           Conj/Ice/Air   16%        6-21      47%         5
 Summon Forest            Summ/Tloc      14%        N/A       63%         5
 Conjure Ball Lightning   Conj/Air       21%        3x3d6     67%         6
 Summon Cactus Giant      Summ           19%        N/A       82%         6
 Iron Shot                Conj/Erth      16%        9d4       95%         6
 Agony                    Necr           12%        N/A       99%         5
 Borgnjor's Vile Clutch   Necr/Erth      6%         N/A       99%         5
 Statue Form              Tmut/Erth      16%        N/A       99%         6
 Death Channel            Necr           6%         N/A       100%        6
 Simulacrum               Ice/Necr       6%         N/A       100%        6
 Storm Form               Tmut/Air       17%        N/A       100%        7
 Summon Horrible Things   Summ           19%        N/A       100%        8
 Animate Armour           Summ/Erth      Unusable   N/A       N/A         4

Dungeon Overview and Level Annotations

Branches:
Dungeon (15/15)            Temple (0/1) D:7            Lair (5/5) D:11
 Shoals (4/4) Lair:2       Spider (1/4) Lair:2        Slime (0/5) Lair:4
    Orc (2/2) D:11            Elf (0/3) Orc:2        Vaults (0/5) D:14
 Depths (0/4) D:15        Ossuary (visited)

Altars:
Dithmenos
Elyvilon
Kikubaaqudgha
Ru
Sif Muna
Wu Jian
Jiyva

Shops:
D:4 *   D:7 :**   D:14 :   Orc:1 [   Orc:2 (*[*   Shoals:2 (   Shoals:4 :

Annotations:
Shoals:4 exclusion: upstairs


Innate Abilities, Weirdness & Mutations

You can breathe blasts of noxious fumes.
Your lurid green scales are hard. (AC +9)
You cannot fit into any form of body armour.
Your tail ends in a venomous barb.
Your system is resistant to poisons. (rPois)
You are cold-blooded and may be slowed by cold attacks.


Message History

The redback completely misses you.
You feel much better.
The jumping spider leaps!
You block the redback's attack. You block the boulder beetle's attack.
The redback bites you!
* * * LOW HITPOINT WARNING * * *
The boulder beetle bites you!
* * * LOW HITPOINT WARNING * * *
The jumping spider leaps!
The redback bites you but does no damage.
The barbs in your skin will harm you if you move.
Continue? [Y]es or [N]o only, please.
The barbs in your skin will harm you if you move.
Continue?
Okay, then.
Casting: Flame Wave (mildly dangerous; 1% risk of failure)
Confirm with . or Enter, or press ? or * to list all spells.
Okay, then.
Okay, then.
As you read the scroll of fear, it crumbles to dust.
You assume a fearsome visage.
The boulder beetle resists with some effort.
The torpor snail looks frightened!
The orb spider looks frightened!
The wolf spider looks frightened!
The steelbarb worm looks frightened!
The jumping spider looks frightened!
The redback easily resists.
The redback resists with some effort.
The steelbarb worm looks frightened!
The jumping spider leaps!
The redback closely misses you.
The boulder beetle bites you but does no damage.
Cornered, the steelbarb worm turns to fight!
The jumping spider leaps!
The redback misses you.
Casting: Flame Wave (mildly dangerous; 1% risk of failure)
Confirm with . or Enter, or press ? or * to list all spells.
Aiming: Fireball (dangerous; 4% risk of failure)
Press: ? - help, Shift-Dir - straight line
Okay, then.
Unknown command.
You feel better.
You carefully extract the barbed spikes from your body.
You block the redback's attack. You block the boulder beetle's attack.
The redback bites you!
* * * LOW HITPOINT WARNING * * *
The boulder beetle bites you!
You die...

....## ...#°$.....##
..........!. ......#°..
^...## #....#..# .....#
#^......# .....#
#.....<# ......
##.....########......
#...@..#.#.^##!.....#
#..s#B##w..#........#
.......#ws....##..###
#......#.s.w..#..s..###
#...^..###w...#..°##..##
###...##..........#○°#..
...##....s.........##.
#..##...........#...#..
###........##...###


You could see a boulder beetle, 2 steelbarb worms, a torpor snail (fleeing), a
wolf spider (fleeing), an orb spider (fleeing) and 2 redbacks.

Vanquished Creatures
  2 tentacled starspawn (Abyss:1)
  4 krakens (Shoals:3)
  Roxanne (Shoals:1)
  Donald (Orc:2)
  A frost giant (Shoals:1)
  A stone giant (Shoals:1)
  Nessos (Lair:4)
  A dire elephant (Lair:5)
  A spark wasp (Shoals:3)
  6 merfolk javelineers
  8 merfolk impalers
  Snorg (D:14)
  4 vault guards (D:14)
  Erolcha (Orc:1)
  4 hydras
  Erica (D:9)
  A catoblepas (Lair:5)
  3 alligator snapping turtles
  4 merfolk aquamancers
  6 satyrs
  10 death yaks
  5 merfolk avatars
  7 centaur warriors
  3 two-headed ogres
  4 boulder beetles
  A vampire mage (D:15)
  A deep troll shaman (Lair:5)
  Urug (Lair:3)
  5 skysharks
  3 skeletal warriors
  3 sea snakes
  A steelbarb worm (Spider:1)
  9 orc knights
  A necromancer (D:15)
  The ghost of snarfax the Cleaver, a novice HOFi (D:6)
  A wizard (Abyss:1)
  5 deep elf zephyrmancers (Orc:1)
  25 harpies
  9 deep elf pyromancers
  A sphinx zombie (D:15)
  A frost giant zombie (D:15)
  A wolf spider (D:15)
  17 ugly things
  9 fauns
  2 orc sorcerers
  14 manticores
  14 cyclopes
  8 elephants
  13 merfolk sirens
  6 black mambas
  A stone giant skeleton (D:15)
  4 water nymphs
  2 gargoyles
  3 torpor snails
  2 rime drakes
  Maggie (D:10)
  11 cane toads
  2 freezing wraiths
  3 kobold demonologists
  7 komodo dragons
  An ancient zyme (Abyss:1)
  45 merfolk
  9 trolls
  6 wind drakes
  3 hornets
  A meliai (shapeshifter) (D:14)
  A tarantella (Spider:1)
  17 blink frogs
  3 polar bears
  3 raiju (Abyss:1)
  A blink frog (shapeshifter) (D:14)
  3 dream sheep (Shoals:1)
  12 snapping turtles
  19 slime creatures
  A jumping spider (Lair:2)
  3 culicivoras (Lair:2)
  8 water elementals
  38 yaks
  A shadow (D:12)
  7 wyverns
  4 wraiths
  Eustachio (D:4)
  5 basilisks
  A redback (shapeshifter) (D:15)
  8 redbacks
  Menkaure (D:4)
  8 wargs
  A glowing shapeshifter zombie (D:15)
  4 acid dragons
  19 water moccasins
  34 orc warriors
  An ice beast (D:6)
  2 black bears (Lair:5)
  A sky beast (D:8)
  12 ogres
  3 boggarts (D:15)
  15 centaurs
  15 wolves
  4 phantoms
  17 bullfrogs
  4 kobold brigands
  3 scorpions
  2 gnoll sergeants
  5 killer bees (D:7)
  An electric eel (Lair:4)
  2 howler monkeys
  A lava snake (D:7)
  2 jellies
  3 hounds
  13 orc priests
  A sleepcap (D:7)
  5 iguanas
  7 hell rats (Lair:3)
  11 orc wizards
  3 mummies (Ossuary)
  Robin (D:4)
  13 adders
  7 gnolls
  2 river rats (D:6)
  A shadow imp (D:6)
  A white imp (D:7)
  2 ufetubi (D:4)
  An adder zombie (Ossuary)
  A worm (D:2)
  A dart slug (D:3)
  64 orcs
  3 bat zombies (D:10)
  9 endoplasms
  4 giant cockroaches
  6 hobgoblins
  4 jackals
  19 kobolds
  5 quokkas
  7 ball pythons
  7 bats
  4 frilled lizards
  A gnoll zombie (Ossuary)
  14 goblins
  A goblin zombie (Ossuary)
  3 hobgoblin zombies (Ossuary)
  4 kobold zombies (Ossuary)
  2 quokka zombies (Ossuary)
  4 rats
  7 rat zombies
  A lurking horror (Abyss:1)
  7 starspawn tentacles (Abyss:1)
  8 tentacles (Shoals:3)
884 creatures vanquished.

Vanquished Creatures (collateral kills)
  A merfolk javelineer (Shoals:4)
  A merfolk aquamancer (Shoals:4)
  A gargoyle (D:13)
  An orc (Orc:2)
  3 foxfires
7 creatures vanquished.

Vanquished Creatures (others)
  A deep elf pyromancer (D:14)
  A manticore (Shoals:1)
  An orc (Orc:1)
  1561 foxfires
  A starspawn tentacle (Abyss:1)
  40 tentacles (Shoals:3)
1605 creatures vanquished.

Grand Total: 2496 creatures vanquished

Notes
Turn   | Place    | Note
-------+----------+-------------------------------------------
     0 | D:1      | Cheops the Draconian Fire Elementalist began the quest for
                  | the Orb.
     0 | D:1      | Reached XP level 1. HP: 14/14 MP: 3/3
   255 | D:1      | Reached XP level 2. HP: 13/20 MP: 0/5
   865 | D:1      | Learned a level 2 spell: Scorch
  1073 | D:2      | Reached XP level 3. HP: 26/26 MP: 1/6
  1367 | D:2      | Learned a level 3 spell: Volatile Blastmotes
  1430 | D:2      | Identified the +2 cloak "Anaat" {rElec rC+ Int-3}
  1863 | D:3      | Noticed an ogre
  1875 | D:3      | Killed an ogre
  1876 | D:3      | Reached XP level 4. HP: 23/37 MP: 1/8
  1888 | D:3      | Reached XP level 5. HP: 32/45 MP: 0/9
  1893 | D:3      | Learned a level 4 spell: Flame Wave
  1940 | D:3      | Reached skill level 1 in Translocations
  2752 | D:4      | Found Ydeseu's General Store.
  2752 | D:4      | Noticed Menkaure
  2758 | D:4      | Killed Menkaure
  2759 | D:4      | Reached XP level 6. HP: 29/51 MP: 4/12
  2861 | D:4      | Bought a scroll of identify for 20 gold pieces
  2957 | D:4      | Identified the +8 chain mail of the Valley {rPois Int+4}
  3302 | D:4      | Noticed Robin
  3336 | D:5      | Entered Level 5 of the Dungeon
  3531 | D:5      | Your scales start taking on a lurid green colour.
  3531 | D:5      | Reached XP level 7. HP: 57/57 MP: 6/13
  3531 | D:5      | Gained mutation: Your system is resistant to poisons.
                  | (rPois) [Green Draconian growth]
  3674 | D:5      | Found Morchuazo's Elemental Accessories.
  3713 | D:4      | Killed Robin
  3959 | D:4      | Noticed Eustachio
  3977 | D:4      | Killed Eustachio
  3978 | D:4      | Reached skill level 5 in Fire Magic
  4323 | D:4      | Reached skill level 5 in Conjurations
  5034 | D:6      | Reached skill level 5 in Spellcasting
  5034 | D:6      | Reached XP level 8. HP: 16/63 MP: 4/15
  5480 | D:5      | Found an ornate altar of the Wu Jian Council.
  5601 | D:6      | Learned a level 3 spell: Mephitic Cloud
  5601 | D:6      | Found a runed translucent door.
  5602 | D:6      | Noticed snarfax's ghost (novice HOFi)
  5677 | D:6      | Noticed a two-headed ogre
  5694 | D:6      | Killed a two-headed ogre
  5926 | D:6      | Learned a level 3 spell: Inner Flame
  6354 | D:6      | Reached XP level 9. HP: 65/69 MP: 10/16
  6429 | D:6      | Found a shimmering blue altar of Sif Muna.
  6722 | D:6      | Found a runed translucent door.
  7081 | D:6      | Identified a scroll of acquirement
  7090 | D:6      | Acquired a staff of fire
  7116 | D:7      | Found a shadowy altar of Dithmenos.
  7308 | D:7      | Found Vuesoclant's Fire Supplies.
  7396 | D:7      | Bought a ring of fire for 250 gold pieces
  7501 | D:7      | Found a staircase to the Ecumenical Temple.
  7744 | D:7      | Reached skill level 1 in Shields
  7924 | D:7      | Found Qeosakk's Tremendous Tomes.
  8015 | D:7      | Found Gauruxt's Assorted Antiques.
  8453 | D:8      | Found a sand-covered staircase.
  8458 | Ossuary  | Entered an ossuary
  9684 | D:9      | Reached XP level 10. HP: 77/77 MP: 15/20
  9747 | D:9      | Reached skill level 1 in Air Magic
 10025 | D:9      | Noticed Erica
 10071 | D:9      | Killed Erica
 10072 | D:9      | Reached skill level 1 in Staves
 10072 | D:9      | Reached skill level 1 in Evocations
 10419 | D:10     | Entered Level 10 of the Dungeon
 10984 | D:10     | Noticed Maggie
 11033 | D:10     | Killed Maggie
 11173 | D:10     | Noticed a gargoyle
 12065 | D:10     | Found an ancient bone altar of Kikubaaqudgha.
 12127 | D:10     | Killed a gargoyle
 12128 | D:10     | Reached XP level 11. HP: 65/82 MP: 0/21
 12366 | D:11     | Upgraded the game from 0.30.0-5-g1a98f26d00 to
                  | 0.30.0-10-gfe55d96785
 12376 | D:11     | Reached skill level 5 in Staves
 12545 | D:11     | Reached skill level 5 in Evocations
 12625 | D:11     | Noticed a white ugly thing
 12632 | D:11     | Killed a white ugly thing
 12633 | D:11     | Noticed an orc knight
 12750 | D:10     | Learned a level 2 spell: Poisonous Vapours
 12751 | D:11     | Found a gate leading to a gauntlet.
 12751 | D:11     | Found a staircase to the Lair.
 12763 | D:11     | Found a white marble altar of Elyvilon.
 12829 | D:11     | Killed an orc knight
 12830 | D:11     | Reached skill level 1 in Poison Magic
 13080 | D:11     | Found a staircase to the Orcish Mines.
 13186 | D:11     | You fall into a shaft and drop 2 floors!
 13210 | D:13     | Noticed a centaur warrior
 13216 | D:13     | Killed a centaur warrior
 13245 | D:13     | Reached skill level 5 in Poison Magic
 13484 | D:12     | Noticed a two-headed ogre
 14088 | D:11     | Killed a two-headed ogre
 14089 | D:11     | Reached skill level 5 in Shields
 14316 | D:7      | Bought a +1 pair of boots of fire resistance for 165 gold
                  | pieces
 14561 | D:12     | Reached XP level 12. HP: 87/89 MP: 10/22
 14665 | D:12     | Found a sacrificial altar of Ru.
 14949 | D:12     | Noticed a two-headed ogre
 14955 | D:12     | Killed a two-headed ogre
 15389 | Orc:1    | Entered Level 1 of the Orcish Mines
 15394 | Orc:1    | Learned a level 3 spell: Call Canine Familiar
 15403 | Orc:1    | Reached skill level 5 in Air Magic
 15446 | Orc:1    | Reached skill level 1 in Summonings
 15797 | Orc:1    | Reached skill level 5 in Summonings
 16266 | Orc:2    | Entered Level 2 of the Orcish Mines
 16994 | Orc:1    | Found Xineup's Armour Shop.
 17011 | Orc:1    | Reached skill level 5 in Fighting
 17114 | Orc:1    | Noticed Erolcha
 17117 | Abyss:1  | Cast into level 1 of the Abyss (Erolcha)
 17129 | Abyss:1  | Found a corrupted altar of Lugonu.
 17170 | Abyss:1  | Found a corrupted altar of Lugonu.
 17173 | Abyss:1  | Found a corrupted altar of Lugonu.
 17173 | Abyss:1  | Found a corrupted altar of Lugonu.
 17192 | Abyss:1  | Noticed a tentacled starspawn
 17211 | Abyss:1  | Killed a tentacled starspawn
 17342 | Abyss:1  | Noticed a tentacled starspawn
 17352 | Abyss:1  | Killed a tentacled starspawn
 17353 | Abyss:1  | Reached XP level 13. HP: 93/105 MP: 16/23
 17400 | Abyss:1  | Noticed a tentacled starspawn
 17407 | Abyss:1  | Noticed a lich
 17420 | Abyss:1  | Found a corrupted altar of Lugonu.
 17425 | Abyss:1  | Became a worshipper of Lugonu the Unformed
 17425 | Abyss:1  | Reached * piety under Lugonu
 17425 | Abyss:1  | Reached ** piety under Lugonu
 17442 | Abyss:1  | Noticed a dread lich
 17447 | Orc:1    | Escaped the Abyss
 17795 | Orc:2    | Found a staircase to the Elven Halls.
 18716 | Orc:2    | Reached skill level 1 in Invocations
 18727 | Orc:2    | Reached skill level 2 in Invocations
 18838 | Orc:2    | Paralysed by an orc sorcerer for 5 turns
 19039 | Orc:2    | Reached skill level 3 in Invocations
 19515 | Orc:2    | Reached skill level 4 in Invocations
 19759 | Orc:2    | Found Hoemul's Weapon Emporium.
 19759 | Orc:2    | Found Niysanat's General Store.
 19774 | Orc:2    | Bought a scroll of teleportation for 36 gold pieces
 19774 | Orc:2    | Bought a potion of degeneration for 12 gold pieces
 19775 | Orc:2    | Bought a potion of curing for 36 gold pieces
 19999 | Orc:2    | Reached skill level 5 in Invocations
 20462 | Orc:2    | Noticed Donald
 20485 | Orc:2    | Reached skill level 6 in Invocations
 20486 | Orc:2    | Killed Donald
 20708 | Orc:2    | Found Samiuric's Antique Armour Emporium.
 20708 | Orc:2    | Found Caplegge's General Store.
 20956 | D:13     | Reached skill level 7 in Invocations
 21260 | D:13     | Reached skill level 8 in Invocations
 21973 | D:13     | Reached skill level 9 in Invocations
 22435 | Lair:1   | Entered Level 1 of the Lair of Beasts
 22652 | Lair:1   | Reached *** piety under Lugonu
 24104 | D:7      | Bought a scroll of identify for 36 gold pieces
 24475 | Lair:2   | Gained mutation: Your tail ends in a venomous barb. [Green
                  | Draconian growth]
 24475 | Lair:2   | Reached XP level 14. HP: 114/116 MP: 15/24
 24650 | Lair:2   | Identified the orb of Dithmenos, Breathing {guile, Harm Fly
                  | Int-3 Stlth+}
 24828 | Lair:2   | Reached skill level 10 in Conjurations
 24828 | Lair:2   | Reached skill level 10 in Fire Magic
 24949 | Lair:2   | Found a staircase to the Shoals.
 25527 | D:7      | Bought Cinur's Discourse on Battle Magic and Reformation
                  | for 1176 gold pieces
 25533 | D:7      | Learned a level 5 spell: Fireball
 25908 | Lair:2   | Found a hole to the Spider Nest.
 26092 | Lair:3   | Reached **** piety under Lugonu
 26346 | Lair:3   | Acquired 1172 gold pieces
 26454 | D:7      | Bought the Papyrus of the Phantasmal Sun for 1148 gold
                  | pieces
 27446 | Lair:3   | Noticed Urug
 27449 | Lair:3   | Killed Urug
 28168 | Lair:3   | Learned a level 3 spell: Ignite Poison
 28694 | Orc:2    | Bought a potion of heal wounds for 70 gold pieces
 28694 | Orc:2    | Bought a potion of invisibility for 112 gold pieces
 29052 | Lair:4   | Noticed Nessos
 29060 | Lair:4   | Killed Nessos
 29748 | Lair:4   | Reached skill level 10 in Spellcasting
 29748 | Lair:4   | Reached skill level 10 in Invocations
 29753 | Lair:4   | Learned a level 4 spell: Sticky Flame
 30175 | Lair:4   | Reached skill level 11 in Invocations
 30217 | Lair:4   | Found a viscous altar of Jiyva.
 30218 | Lair:4   | Found a staircase to the Slime Pits.
 30889 | Lair:5   | Entered Level 5 of the Lair of Beasts
 31309 | Lair:5   | Reached ***** piety under Lugonu
 31524 | Lair:5   | Reached XP level 15. HP: 120/123 MP: 22/29
 32818 | Lair:5   | Identified the +5 flail of Royalism {heavy, rN+}
 33039 | Orc:1    | Killed Erolcha
 33369 | D:14     | Identified the ring of Yesterday {*Slow rPois MP+9 Str+3
                  | Dex+6}
 33481 | D:14     | Found Qent's Book Emporium.
 33951 | D:14     | Found a gate to the Vaults.
 33958 | D:14     | Noticed Snorg
 33963 | D:14     | Killed Snorg
 33964 | D:14     | Reached skill level 10 in Fighting
 34648 | D:15     | Entered Level 15 of the Dungeon
 34984 | D:15     | Reached skill level 12 in Invocations
 35096 | D:15     | Found a staircase to the Depths.
 36429 | D:6      | Killed snarfax's ghost
 36629 | Shoals:1 | Entered Level 1 of the Shoals
 37386 | Shoals:1 | Reached XP level 16. HP: 139/139 MP: 16/31
 37650 | Shoals:1 | Reached skill level 1 in Transmutations
 37997 | Shoals:1 | Identified Roxanne's Omnibus of Terrain
 37997 | Shoals:1 | Noticed Roxanne
 38759 | Shoals:1 | Killed Roxanne
 39588 | Shoals:2 | Reached skill level 5 in Transmutations
 40069 | Shoals:2 | Reached ****** piety under Lugonu
 40543 | Shoals:2 | Found Tyvviest's Weapon Emporium.
 42098 | Shoals:3 | Reached skill level 13 in Invocations
 42675 | Shoals:3 | Noticed a kraken
 42721 | Shoals:3 | Killed a kraken
 43091 | Shoals:3 | Noticed a kraken
 43282 | Shoals:3 | Killed a kraken
 43388 | Shoals:3 | Noticed a kraken
 43404 | Shoals:3 | Killed a kraken
 43819 | Shoals:4 | Entered Level 4 of the Shoals
 44695 | Shoals:4 | Found Diamp's Book Boutique.
 44723 | Shoals:3 | Noticed a kraken
 44723 | Shoals:3 | Found a runed translucent door.
 44827 | Shoals:3 | Reached XP level 17. HP: 77/146 MP: 23/34
 45600 | Shoals:3 | Reached skill level 14 in Invocations
 45606 | Shoals:3 | Learned a level 5 spell: Summon Mana Viper
 45683 | Shoals:3 | Reached skill level 1 in Hexes
 46286 | Shoals:3 | Killed a kraken
 46978 | Shoals:3 | Identified the staff of poison "Zauriude" {rPois Str+3}
 47993 | Shoals:2 | Found Tyvviest's Weapon Emporium.
 50379 | Shoals:4 | Reached skill level 5 in Hexes
 50644 | Shoals:4 | HP: 4/146 [merfolk javelineer/silver javelin (6)]
 50982 | Shoals:4 | HP: 7/146 [merfolk javelineer/silver javelin (1)]
 50988 | Shoals:4 | HP: 6/146 [drowned by a drowned soul[a merfolk avatar]
                  | (13)]
 51594 | Shoals:4 | Got a barnacled rune of Zot
 51823 | Spider:1 | Entered Level 1 of the Spider Nest
 51938 | Spider:1 | HP: 5/146 [boulder beetle (25)]
 51939 | Spider:1 | HP: 1/146 [poisoned by a redback]
 51945 | Spider:1 | Slain by a boulder beetle

Illustrated notes

Levels and vault maps discovered:
D:1:      psy_arrival_fountain, layout_basic
D:2:      layout_loops_ring, minmay_crystal_room
D:3:      layout_rooms
D:4:      layout_gridville, serial_shops, shop_coins, minmay_quantized,
          uniq_eustachio, uniq_robin, uniq_menkaure
D:5:      layout_cave_pools, nicolae_wu_jian_immortal_techniques,
          nicolae_elemental_shop
D:6:      layout_loops_corners, nicolae_sif_muna_condensation,
          ebering_ghost_sewer_f, kennysheep_nondescript
D:7:      layout_cave_pools, nicolae_dithmenos_the_darkroom,
          minmay_temple_entry_glassed_door, serial_shops,
          nicolae_inconvenience_store, grunt_ministairs_10,
          kennysheep_flooded_box, nicolae_shop_i_like_big_books,
          nicolae_shop_fire_sale [nicolae_sub_dead_trees]
D:8:      layout_basic, nicolae_ossuary_entry_false_entrances
D:9:      layout_cave_pools, minmay_misc_feat_iff, uniq_erica
D:10:     layout_loops_cross, lemuel_zombie_altar_kikubaaqudgha, uniq_maggie
D:11:     layout_cave_pools, lair_entry_dummy, orc_david_3,
          gauntlet_entry_generic, serial_glass, glass_columns_a,
          glass_columns_a, item_on_display_a, minmay_strange_pillars,
          item_on_display_a, due_unseen_surprise,
          nicolae_elyvilon_peaceful_grove
D:12:     layout_long_grid, nicolae_ru_sacrificial_ziggurat
D:13:     layout_gridville
D:14:     layout_cave_pools, lightli_vaults_fourway_checkpoint, kennysheep_nub,
          serial_shops, nicolae_shop_trees, uniq_snorg
D:15:     gammafunk_depths_entry_grave, layout_loops_ring,
          hangedman_decor_clover_reticule
Lair:1:   layout_layer_cave
Lair:2:   layout_regular_city, minmay_shoals_entry_lonely_mermaid,
          nicolae_spider_entry_tight_spaces
Lair:3:   layout_big_grid, uniq_urug
Lair:4:   nzn_winding_woodlands_medium [nzn_winding_woodlands_5x5_checkerboard,
          nzn_winding_woodlands_5x15_concentric,
          nzn_winding_woodlands_5x5_open_star, nzn_winding_woodlands_hourglass,
          nzn_winding_woodlands_center_garden, nzn_winding_woodlands_5x5_three,
          nzn_winding_woodlands_5x5_closed_star,
          nzn_winding_woodlands_5x15_default, nzn_winding_woodlands_5x5_cross],
          layout_gridlike, minmay_slime_entry_pillars,
          nicolae_quartered_pool_little, uniq_nessos
Lair:5:   grunt_lair_end_beastmaster, layout_layer_cave, grunt_megastairs_5
Shoals:1: layout_shoals, st_shoals_ruin, uniq_roxanne
Shoals:2: layout_shoals, serial_shops, shop, nicolae_shoals_square_sea_wall
Shoals:3: nicolae_shoals_lighthouse, layout_shoals,
          nicolae_shoals_elemental_ambush
Shoals:4: shoals_end_hangedman, layout_shoals, serial_shops,
          nicolae_diamond_shop, nicolae_shoals_water_booths
Spider:1: layout_spider_delve, uniq_jorgrun
Orc:1:    layout_caves, basic_altar, serial_shops, shop, elves_outpost_lemuel,
          uniq_erolcha
Orc:2:    st_orc_town, layout_caves, uniq_donald

Skill      XL: |  1  2  3  4  5  6  7  8  9 10 11 12 13 14 15 16 17 |
---------------+----------------------------------------------------+-----
Conjurations   | 2 3 4 5 8 9 10 11 | 11.0
Spellcasting   | 3 4 5 6 7 10 11 13 | 13.0
Fighting       | 2 3 7 8 11 12 | 12.0
Translocations | 1 |  1.4
Fire Magic     | 4 5 6 8 9 10 11 | 11.0
Dodging        | 2 3 4 |  4.0
Shields        | 4 5 6 7 |  7.0
Air Magic      | 2 5 |  5.0
Staves         | 4 6 7 8 |  8.0
Evocations     | 4 6 7 8 |  8.0
Poison Magic   | 8 |  8.4
Summonings     | 7 |  7.0
Invocations    | 9 11 12 13 14 | 14.0
Transmutations | 7 |  7.0
Hexes          | 7 |  7.0
Stealth        | |  1.7

Action                     |  1- 3 |  4- 6 |  7- 9 | 10-12 | 13-15 | 16-18 || total
---------------------------+-------+-------+-------+-------+-------+-------++-------
  Melee: Unarmed           |     4 |       |       |       |       |       ||     4
         Dagger            |     7 |    35 |    65 |       |       |       ||   107
         Tailslap          |       |     3 |    10 |     4 |   109 |    51 ||   177
         Staff             |       |       |    16 |    74 |   540 |   217 ||   847
   Cast: Foxfire           |    50 |    85 |   184 |   203 |   299 |    43 ||   864
         Volatile Blastmot |     2 |       |     8 |    42 |    96 |     3 ||   151
         Flame Wave        |       |     3 |     9 |    28 |    37 |     5 ||    82
         Scorch            |       |       |    31 |    73 |   209 |    84 ||   397
         Inner Flame       |       |       |     1 |     4 |     3 |       ||     8
         Mephitic Cloud    |       |       |       |    10 |     4 |       ||    14
         Poisonous Vapours |       |       |       |     7 |    25 |       ||    32
         Call Canine Famil |       |       |       |     3 |    11 |     2 ||    16
         Fireball          |       |       |       |       |    77 |   209 ||   286
         Sticky Flame      |       |       |       |       |    53 |    29 ||    82
         Ignite Poison     |       |       |       |       |    11 |     1 ||    12
         Summon Mana Viper |       |       |       |       |       |     1 ||     1
 Invoke: Depart the Abyss  |       |       |       |       |     1 |       ||     1
         Banish            |       |       |       |       |       |     1 ||     1
Ability: Breathe Noxious F |       |       |     2 |     2 |    13 |     5 ||    22
  Evoke: Wand              |       |       |    10 |     2 |    11 |    19 ||    42
    Use: Scroll            |       |     5 |     9 |    10 |    14 |     9 ||    47
         Potion            |       |       |       |     1 |     2 |    13 ||    16
   Stab: Sleeping          |       |     1 |     2 |       |     1 |     1 ||     5
         Confused          |       |       |       |     1 |     1 |       ||     2
         Distracted        |       |       |       |       |     2 |       ||     2
         Invisible         |       |       |       |       |       |     1 ||     1
         Held in net/web   |       |       |       |       |       |     1 ||     1
 Armour: Skin              |     7 |    53 |   143 |   118 |   383 |   136 ||   840
  Dodge: Dodged            |    10 |    55 |   192 |   144 |   305 |   142 ||   848
  Block: Buckler           |       |       |     5 |    58 |    33 |       ||    96
         Kite shield       |       |       |       |       |   670 |   482 ||  1152
         Reflection        |       |       |       |       |    20 |    41 ||    61
